 Dungeon Crawl Stone Soup version 0.30-a0-824-g6c64550be9 (webtiles) character file.

Game seed: 14374186109278986624

127 Nacht the Grave Robber (level 4, -4/30 HPs)
             Began as a Demonspawn Necromancer on Feb 27, 2023.
             Slain by an ogre
             ... wielding a +0 giant club
              (19 damage)
             ... on level 5 of the Dungeon.
             The game lasted 00:02:47 (2482 turns).

Nacht the Grave Robber (Demonspawn Necromancer)     Turns: 2482, Time: 00:02:47

Health: -4/30      AC:  3    Str:  8    XL:     4   Next: 85%
Magic:  0/9        EV: 12    Int: 19    God:
Gold:   106        SH:  0    Dex: 13    Spells: 2/10 levels left

rFire   . . .      SeeInvis .    o - +1 short sword (speed)
rCold   . . .      Faith    .    (no shield)
rNeg    . . .      Spirit   .    a - +0 robe
rPois   .          Reflect  .    (no helmet)
rElec   .          Harm     .    (no cloak)
rCorr   .          Rampage  .    k - +0 pair of gloves
Will    .....                    (no boots)
Stlth   ++                       (no amulet)
HPRegen 0.25/turn                (no ring)
MPRegen 0.11/turn                (no ring)

@: no status effects
A: ignite blood 1, weakness stinger 1
a: no special abilities


You were on level 5 of the Dungeon.
You visited 1 branch of the dungeon, and saw 5 of its levels.

You collected 106 gold pieces.

Inventory:

Hand Weapons
 l - a +0 dagger
 o - a +1 short sword of speed (weapon)
Armour
 a - a +0 robe (worn)
 k - a +0 pair of gloves (worn)
Jewellery
 f - an amulet of guardian spirit
Scrolls
 c - a scroll of acquirement {unknown}
 e - 3 scrolls of silence {unknown}
 h - a scroll of amnesia {unknown}
 i - a scroll of torment {unknown}
 m - a scroll of noise {unknown}
 n - a scroll of teleportation {unknown}
Potions
 b - a potion of magic
 d - 2 potions of curing {unknown}
 g - 3 potions of brilliance {unknown}
 j - a potion of mutation {unknown}


   Skills:
 - Level 1.7 Dodging
 - Level 1.7 Stealth
 + Level 3.6 Spellcasting
 + Level 5.7 Necromancy


You had 2 spell levels left.
You knew the following spells:

 Your Spells              Type           Power      Damage    Failure   Level
a - Necrotise             Necr           100%       1d9       1%          1
b - Vampiric Draining     Necr           25%        2d7       4%          3
c - Animate Dead          Necr           25%        N/A       14%         4

Your spell library contained the following spells:

 Spells                   Type           Power      Damage    Failure   Level
 Agony                    Necr           25%        N/A       36%         5


Dungeon Overview and Level Annotations

Branches:
Dungeon (6/15)
 Temple: D:4-7

Altars:


Innate Abilities, Weirdness & Mutations

Your demonic aura sometimes causes spilled blood to erupt in flames.
You have a small tail.


Message History

An ogre is nearby!
An ogre is nearby!
Casting: Vampiric Draining (dangerous; 4% risk of failure)
Confirm with . or Enter, or press ? or * to list all spells.
Aiming: Necrotise (safe; 1% risk of failure)
Press: ? - help, Shift-Dir - straight line, f - ogre
Aim: an ogre, wielding a +0 giant club (chance to affect: 83%)
The ogre writhes in agony.
Casting: Necrotise (safe; 1% risk of failure)
Confirm with . or Enter, or press ? or * to list all spells.
Aiming: Vampiric Draining (dangerous; 4% risk of failure)
Press: ? - help, Shift-Dir - straight line, f/p - ogre
Aim: an ogre, wielding a +0 giant club (lightly wounded)
You draw life force from the ogre!
The ogre barely misses you.
Casting: Vampiric Draining (dangerous; 4% risk of failure)
Confirm with . or Enter, or press ? or * to list all spells.
Aiming: Vampiric Draining (dangerous; 4% risk of failure)
Press: ? - help, Shift-Dir - straight line, f/p - ogre
Aim: an ogre, wielding a +0 giant club (moderately wounded)
You draw life force from the ogre!
The ogre completely misses you.
Casting: Vampiric Draining (dangerous; 4% risk of failure)
Confirm with . or Enter, or press ? or * to list all spells.
Aiming: Necrotise (safe; 1% risk of failure)
Press: ? - help, Shift-Dir - straight line, f/p - ogre
Aim: an ogre, wielding a +0 giant club (severely wounded, chance to affect: 83%)
The ogre writhes in agony.
Casting: Necrotise (safe; 1% risk of failure)
Confirm with . or Enter, or press ? or * to list all spells.
Aiming: Necrotise (safe; 1% risk of failure)
Press: ? - help, Shift-Dir - straight line, f/p - ogre
Aim: an ogre, wielding a +0 giant club (almost dead, chance to affect: 83%)
The ogre writhes in agony.
The ogre hits you with a +0 giant club!
Ouch! That really hurt!
Casting: Necrotise (safe; 1% risk of failure)
Confirm with . or Enter, or press ? or * to list all spells.
You don't have enough magic to cast this spell.
The ogre attacks as you move away!
The ogre hits you with a +0 giant club!!
Ouch! That really hurt!
You die...

#.# ##.....##.. #.#
#.##### . #.# #.#
#####.# #.# ......#
###.# .###### #...#
#####.###
###.....###########
...........@O.......
####.#########.....#
# ....# .... ..# .#
#


You could see an ogre.

Vanquished Creatures
  An iguana (D:6)
  An orc wizard (D:6)
  A gnoll (D:1)
  2 worms (D:2)
  2 dart slugs
  An orc (D:5)
  3 ball pythons (D:2)
  3 bats
  An endoplasm (D:2)
  3 giant cockroaches
  9 goblins
  5 hobgoblins
  4 jackals (D:1)
  7 kobolds
  3 quokkas
  2 frilled lizards (D:1)
  3 rats
51 creatures vanquished.

Vanquished Creatures (collateral kills)
  A rat (D:1)
1 creature vanquished.

Grand Total: 52 creatures vanquished

Notes
Turn   | Place    | Note
-------+----------+-------------------------------------------
     0 | D:1      | Nacht the Demonspawn Necromancer began the quest for the
                  | Orb.
     0 | D:1      | Reached XP level 1. HP: 13/13 MP: 3/3
   227 | D:1      | Gained mutation: Your demonic aura sometimes causes spilled
                  | blood to erupt in flames. [demonic ancestry]
   227 | D:1      | Reached XP level 2. HP: 19/19 MP: 3/5
   630 | D:1      | Reached skill level 5 in Necromancy
   630 | D:1      | Reached XP level 3. HP: 12/24 MP: 2/7
  2055 | D:3      | Found a faded altar of an unknown god.
  2067 | D:3      | Gained mutation: You have a small tail. [demonic ancestry]
  2067 | D:3      | Reached XP level 4. HP: 28/30 MP: 1/8
  2165 | D:3      | Identified the +0 short sword of Neypta {flame, *Rage Will+
                  | Str+3 Stlth+}
  2255 | D:3      | You fall into a shaft and drop 3 floors!
  2363 | D:6      | Noticed an ice beast
  2371 | D:5      | Entered Level 5 of the Dungeon
  2376 | D:5      | Learned a level 3 spell: Vampiric Draining
  2381 | D:5      | Learned a level 4 spell: Animate Dead
  2473 | D:5      | Noticed an ogre
  2482 | D:5      | Slain by an ogre

Illustrated notes

Levels and vault maps discovered:
D:1:      tarquinn_simple_flora_water_c, layout_loops_cross
D:2:      layout_loops_ring, hangedman_decor_riveting,
          chequers_serial_rivers_small_b
D:3:      layout_loops_ring, amethyst_overflow_temple_binary,
          basic_ecumenical_altar
D:5:      layout_basic, general_overflow_altar, gammafunk_ghost_split
D:6:      layout_rooms, gammafunk_temple_overflow_elements,
          minmay_temple_entry_from_below_a

Skill      XL: |  1  2  3 |
---------------+----------+-----
Necromancy     | 5 |  5.7
Spellcasting   | 3 |  3.6
Dodging        | |  1.7
Stealth        | |  1.7

Action                     |  1- 3 |  4- 6 || total
---------------------------+-------+-------++-------
  Melee: Unarmed           |     3 |       ||     3
   Cast: Necrotise         |    79 |    16 ||    95
         Vampiric Draining |       |     3 ||     3
 Armour: Robe              |     7 |     2 ||     9
  Dodge: Dodged            |    21 |     7 ||    28

Table legend: (Time is in decaauts)
 A = Elapsed time spent in this place.
 B = Non-inter-level travel time spent in this place.
 C = Inter-level travel time spent in this place.
 D = Time resting spent in this place.
 E = Time spent auto-exploring this place.
 F = Levels seen in this place.
 G = Mean time per level.
                   A        B        C        D        E       F      G
               +--------+--------+--------+--------+--------+-----+--------+
         Total |   2481 |   2396 |     85 |      0 |   2029 |   5 |  496.2 |
       Dungeon |   2481 |   2396 |     85 |      0 |   2029 |   5 |  496.2 |
               +--------+--------+--------+--------+--------+-----+--------+

Top non-repeatable levels by time:
     D:2: 1035 daAuts
     D:1: 1012 daAuts
     D:3: 208 daAuts
     D:6: 115 daAuts
     D:5: 110 daAuts
